 Dungeon Crawl Stone Soup version 0.23.2-1-ga50397a (webtiles) character file.

Game seed: 107289816180138245

112 schauveau the Cudgeler (level 4, -3/28 HPs)
             Began as a Gargoyle Gladiator on Apr 27, 2019.
             Killed by divine providence
             ... invoked by an orc priest
              (8 damage)
             ... on level 4 of the Dungeon.
             The game lasted 00:02:20 (1029 turns).

schauveau the Cudgeler (Gargoyle Gladiator)         Turns: 1029, Time: 00:02:21

Health: -3/28      AC: 13    Str: 19    XL:     4   Next: 95%
Magic:  4/4        EV:  8    Int:  8    God:
Gold:   2          SH:  0    Dex: 11    Spells: 3/3 levels left

rFire    . . .     SeeInvis .   a - +0 flail
rCold    . . .     Gourm    .   (no shield)
rNeg     + . .     Faith    .   h - +0 chain mail
rPois    ∞         Spirit   .   c - +0 helmet
rElec    +         Reflect  .   (no cloak)
rCorr    .         Harm     .   (no gloves)
MR       .....                  (no boots)
Stlth    ..........             (no amulet)
HPRegen  0.09/turn              (no ring)
MPRegen  0.09/turn              (no ring)

@: no status effects
A: negative energy resistance 1, electricity resistance, unbreathing,
petrification resistance, rot immunity, AC +3
a: no special abilities


You were on level 4 of the Dungeon.
You were hungry.

You visited 1 branch of the dungeon, and saw 4 of its levels.

You collected 2 gold pieces.

Inventory:

Hand Weapons
 a - a +0 flail (weapon)
Missiles
 d - 3 throwing nets (quivered)
 e - 3 stones
 j - 18 poisoned needles
Armour
 b - a +0 leather armour
 c - a +0 helmet (worn)
 h - a +0 chain mail (worn)
Jewellery
 g - an uncursed ring of ice
Potions
 i - a potion of brilliance {unknown}
Comestibles
 f - 3 rations


   Skills:
 + Level 3.2 Fighting
 * Level 4.4 Maces & Flails
 - Level 1.7 Throwing
 + Level 2.1 Armour
 - Level 2.4 Dodging


You had 3 spell levels left.
You didn't know any spells.
Your spell library was empty.

Dungeon Overview and Level Annotations

Branches:
Dungeon (4/15)
 Temple: D:4-7

Altars:
Ashenzari
Fedhas


Innate Abilities, Weirdness & Mutations

You are resistant to torment.
Your stone body is resilient. (AC +3)
You are immune to poison.
You resist negative energy. (rN+)
You are resistant to electric shocks. (rElec)
You can survive without breathing.
You are immune to petrification.
You are immune to rotting.


Message History

* * * LOW HITPOINT WARNING * * *
The worker ant closely misses you. The hound bites you but does no damage.
The worker ant barely misses you. The hound bites you but does no damage.
The hound bites you but does no damage.
The orc priest miscasts a cantrip.
The hound barely misses you. The hound closely misses you.
The hound bites you but does no damage. The hound bites you.
* * * LOW HITPOINT WARNING * * *
Found a scroll labeled OZE XAUWIASUMON.
The hound barely misses you.
Found 20 sling bullets.
The hound bites you.
* * * LOW HITPOINT WARNING * * *
The orc priest calls down the wrath of Beogh upon you.
Beogh smites you!
You die...

..## .(.# #... #..# ##..# ?..
#.# # #@#....# .# #h#....# .#
###.# #a#....# . .# #....#
#l#....# #.#.
.#..#####.#....######
#..o###.......##.#.........###
#...# #..#.##o#...........
#.#.###....##............
.###...##.....####.....###.


You could see a hound, a worker ant, an orc priest and a leopard gecko.

Vanquished Creatures
  An orc wizard (D:3)
  A worker ant (D:4)
  A gnoll (D:1)
  2 adders (D:2)
  A worm (D:2)
  3 leopard geckos (D:1)
  3 orcs
  A giant cockroach (D:2)
  3 goblins (D:1)
  4 hobgoblins (D:1)
  2 bats (D:1)
  4 frilled lizards
  2 kobolds (D:1)
  A rat (D:1)
29 creatures vanquished.

Notes
Turn   | Place    | Note
-------+----------+-------------------------------------------
     0 | D:1      | schauveau the Gargoyle Gladiator began the quest for the
                  | Orb.
     0 | D:1      | Reached XP level 1. HP: 12/12 MP: 1/1
    81 | D:1      | Reached XP level 2. HP: 5/18 MP: 2/2
   414 | D:1      | Reached skill level 1 in Armour
   439 | D:1      | Reached XP level 3. HP: 7/22 MP: 3/3
   681 | D:2      | Found a blossoming altar of Fedhas.
   813 | D:3      | Reached skill level 4 in Maces & Flails
   813 | D:3      | Reached XP level 4. HP: 17/28 MP: 4/4
   938 | D:4      | Found a shattered altar of Ashenzari.
  1029 | D:4      | Killed from afar by an orc priest

Skill      XL: |  1  2  3  4 |
---------------+-------------+-----
Armour         | 1 2 |  2.1
Fighting       | 3 |  3.2
Maces & Flails | 4 |  4.4
Throwing       | |  1.7
Dodging        | |  2.4

Action                   |  1- 3 |  4- 6 || total
-------------------------+-------+-------++-------
Melee: Flail             |   114 |    27 ||   141
  Use: Scroll            |       |     4 ||     4
Armor: Leather armour    |    24 |       ||    24
       Chain mail        |    88 |    20 ||   108
Dodge: Dodged            |    80 |    17 ||    97
